Map: Seeds of Aiur

Players

colt

  • Race: Protoss Protoss
  • Spawn Location: 7:00

InYourFace

  • Race: Protoss Protoss
  • Spawn Location: 7:00

САНЯ - Winner!

  • Race: Protoss Protoss
  • League: Silver
  • Spawn Location: 1:00

ILIEKEGGPIE - Winner!

  • Race: Terran Terran
  • League: Platinum
  • Spawn Location: 1:00

VOD

Have the link to the VOD?

Description

Time

  • Played on: May 12, 2018, 2:10 p.m.
  • Length: 13:58
Show
View Real Time Build Order
Export as new Build Order

colt Protoss 

Build Orders: Cannon Rush 

Get SALT Encoding   

  12  0:11  Probe  
  13  0:23  Probe, Pylon  
  14  0:35  Probe  
  15  0:43  Forge  
  15  0:48  Probe  
  16  0:55  Gateway  
  16  1:03  Assimilator  
  16  1:07  Pylon  
  16  1:11  Probe  
  17  1:22  Photon Cannon  
  17  1:37  Photon Cannon  
  17  1:42  Zealot  
  19  1:55  Photon Cannon  
  19  2:08  Pylon  
  19  2:17  Cybernetics Core  
  19  2:23  Probe  
  20  2:50  Nexus  
  20  3:03  Stargate  
  20  3:45  Assimilator  
  20  3:47  Void Ray  
  24  3:53  Assimilator  
  24  4:05  Probe  
  25  4:18  Probe  
  25  4:20  Pylon  
  26  4:24  Stalker  
  26  4:30  Probe  
  29  4:42  Probe  
  30  4:54  Stalker, Probe  
  30  4:59  Photon Cannon  
  33  5:06  Probe  
  34  5:12  Nexus  
  34  5:18  Probe  
  35  5:23  Void Ray  
  39  5:30  Probe  
  40  5:40  Stalker, Pylon  
  42  5:54  Pylon  
  42  6:07  Void Ray  
  42  6:09  Pylon  
  46  6:16  Stargate  
  46  6:18  Robotics Facility  
  46  6:22  Probe  
  47  6:29  Probe  
  48  6:35  Assimilator  
  48  6:41  Probe  
  49  6:50  Protoss Air Weapons Level 1, Void Ray  
  49  6:53  Probe  
  54  7:00  Stalker  
  56  7:06  Photon Cannon  
  56  7:13  Photon Cannon  
  56  7:16  Probe  
  57  7:28  Probe  
  58  7:31  Probe  
  58  7:36  Assimilator  
  59  7:40  Void Ray  
  59  7:43  Void Ray, Probe  
  68  7:47  Observer  
  69  8:16  Stargate  
  69  8:19  Observer  
  70  8:26  Probe  
  71  8:35  Probe  
  71  8:38  Probe  
  73  8:42  Void Ray  
  73  8:46  Void Ray  
  73  8:47  Probe  
  82  9:02  Photon Cannon  
  79  9:13  Pylon  
  69  9:28  Void Ray  
  69  9:30  Void Ray  
  77  9:43  Photon Cannon  
  77  9:51  Photon Cannon  
  77  9:54  Assimilator  
  76  10:17  Void Ray  
  76  10:18  Void Ray  
  64  11:17  Void Ray  
  68  11:20  Void Ray x2  
  76  11:31  Pylon  
  76  11:37  Photon Cannon  
  76  11:41  Probe  
  77  11:53  Probe  
  78  12:00  Void Ray  
  82  12:05  Pylon, Probe  
  83  12:17  Probe  
  84  12:29  Probe  
  85  12:41  Probe  
  74  12:53  Probe  
  51  13:09  Void Ray  
  51  13:12  Void Ray  
Show
View Real Time Build Order
Export as new Build Order

InYourFace Protoss 

Build Orders:  

Get SALT Encoding   

  12  0:03  Probe  
  13  0:14  Probe  
  13  0:20  Pylon  
  14  0:22  Probe  
  15  0:32  Pylon  
  15  0:36  Probe  
  16  0:43  Assimilator  
  16  0:48  Probe  
  17  1:01  Gateway  
  17  1:04  Probe  
  18  1:12  Probe  
  18  1:18  Forge  
  19  1:21  Probe  
  19  1:23  Assimilator  
  20  1:33  Probe  
  21  1:42  Pylon  
  21  1:45  Probe  
  22  1:58  Cybernetics Core  
  22  2:02  Photon Cannon  
  22  2:08  Zealot  
  24  2:23  Protoss Shields Level 1  
  23  2:54  Photon Cannon  
  23  3:00  Pylon  
  21  3:21  Photon Cannon  
  20  3:36  Probe  
  21  3:57  Pylon  
  21  4:00  Probe  
  22  4:12  Probe  
  22  4:14  Stargate  
  23  4:18  Twilight Council  
  23  4:28  Protoss Air Armor Level 1, Stargate  
  23  5:06  Oracle  
  23  5:07  Nexus  
  26  5:45  Protoss Shields Level 2  
  26  5:46  Assimilator  
  26  5:50  Assimilator  
  26  6:03  Pylon  
  26  6:05  Pylon  
  26  6:40  Probe  
  26  6:43  Void Ray  
  27  6:48  Probe  
  27  6:52  Void Ray  
  36  6:58  Probe  
  37  7:10  Probe  
  38  7:22  Probe  
  39  7:25  Pylon  
  39  7:28  Pylon  
  39  7:30  Probe  
  40  7:38  Probe  
  41  7:48  Probe  
  42  8:01  Protoss Ground Armor Level 1, Probe  
  42  8:03  Photon Cannon  
  43  8:13  Probe  
  43  8:18  Pylon  
  44  8:21  Pylon  
  44  8:24  Pylon  
  44  8:25  Probe  
  45  8:28  Fleet Beacon  
  45  8:34  Stargate  
  45  8:36  Stargate  
  45  8:37  Probe  
  46  8:49  Probe  
  46  8:54  Photon Cannon  
  47  8:55  Photon Cannon  
  47  8:58  Photon Cannon  
  47  9:03  Pylon, Photon Cannon  
  47  9:24  Probe  
  48  9:36  Probe  
  49  9:39  Void Ray  
  53  9:47  Pylon  
  53  9:49  Pylon  
  53  9:54  Mothership  
  53  9:59  Void Ray  
  65  10:41  Void Ray x3  
  77  11:35  Void Ray  
  77  11:36  Void Ray x3  
  77  11:38  Photon Cannon  
  93  11:55  Photon Cannon  
  93  12:18  Void Ray x2  
  40  12:56  Void Ray  
  40  12:57  Void Ray  
Show
View Real Time Build Order
Export as new Build Order

САНЯ Protoss - Winner!

Build Orders:  

Get SALT Encoding   

  12  0:01  Probe  
  13  0:19  Probe  
  14  0:22  Pylon  
  14  0:31  Probe  
  14  0:35  Assimilator  
  15  0:49  Gateway  
  16  0:50  Probe  
  16  1:02  Probe  
  17  1:15  Probe  
  17  1:17  Gateway  
  18  1:42  Assimilator  
  18  1:50  Pylon  
  17  2:01  Cybernetics Core, Probe  
  18  2:06  Assimilator  
  18  2:12  Pylon  
  18  2:13  Probe  
  18  2:14  Zealot  
  21  2:20  Zealot  
  23  2:25  Probe  
  24  2:38  Warp Gate  
  24  2:39  Forge  
  24  2:43  Probe  
  25  2:52  Zealot  
  25  2:55  Probe  
  28  3:08  Probe  
  29  3:19  Twilight Council  
  29  3:23  Pylon  
  29  3:36  Gateway  
  29  3:39  Protoss Ground Weapons Level 1  
  29  4:01  Nexus  
  29  4:11  Pylon  
  29  4:18  Stalker  
  29  4:21  Probe  
  32  4:33  Probe  
  32  4:34  Assimilator  
  33  4:45  Probe  
  34  4:48  Charge  
  34  5:18  Probe  
  35  5:27  Protoss Ground Weapons Level 2  
  35  5:30  Probe, Photon Cannon  
  35  5:32  Pylon  
  36  5:40  Assimilator  
  36  5:42  Probe  
  37  5:44  Gateway  
  37  5:54  Probe  
  38  5:59  Probe  
  39  6:06  Probe  
  39  6:11  Probe  
  39  6:13  Stalker  
  39  6:16  Stalker  
  40  6:18  Probe  
  40  6:24  Probe  
  42  6:28  Blink  
  42  6:30  Probe  
  42  6:43  Probe  
  43  6:55  Probe  
  43  6:59  Pylon  
  44  7:03  Pylon  
  44  7:07  Probe  
  45  7:13  Gateway  
  45  7:19  Probe  
  46  7:30  Photon Cannon  
  46  7:32  Stalker x4  
  54  7:43  Protoss Ground Armor Level 1  
  54  7:47  Photon Cannon  
  54  7:48  Probe  
  55  8:00  Probe  
  56  8:12  Probe  
  57  8:14  Zealot, Stargate  
  57  8:17  Stalker  
  57  8:18  Stalker  
  57  8:19  Stalker  
  65  8:29  Stalker  
  67  8:40  Pylon  
  67  8:46  Probe  
  68  8:57  Stalker x2  
  68  8:58  Probe  
  73  9:10  Probe  
  73  9:15  Photon Cannon  
  74  9:21  Stalker x3  
  80  9:27  Protoss Ground Weapons Level 3  
  80  9:42  Stalker x2  
  84  9:45  Stalker x2  
  84  9:46  Stalker  
  90  10:10  Nexus  
  90  10:15  Pylon  
  90  10:35  Stalker x2  
  94  10:43  Photon Cannon  
  94  10:45  Photon Cannon  
  94  10:52  Photon Cannon  
  94  11:05  Robotics Facility  
  94  11:17  Pylon  
  94  11:18  Pylon  
  94  11:27  Stalker  
  94  11:28  Stalker x3  
  102  11:48  Assimilator  
  102  11:53  Stalker x3  
  102  11:54  Assimilator  
  108  11:59  Stalker  
  110  12:09  Stalker  
  112  12:22  Observer  
  113  12:43  Observer  
  64  13:18  Stalker x4  
  64  13:19  Stalker  
Show
View Real Time Build Order
Export as new Build Order

ILIEKEGGPIE Terran - Winner!

Build Orders: Reaper Expand, MMM Bio 

Get SALT Encoding   

  12  0:16  SCV  
  13  0:24  Supply Depot  
  13  0:28  SCV  
  14  0:40  SCV  
  14  0:42  Refinery  
  15  0:46  Barracks  
  15  0:52  SCV  
  16  1:04  SCV  
  17  1:19  SCV  
  18  1:31  SCV  
  19  1:34  Command Center  
  19  1:39  Reaper  
  20  1:49  Orbital Command  
  20  2:10  Factory  
  20  2:19  SCV  
  21  2:23  Barracks Reactor  
  21  2:31  SCV  
  21  2:33  Supply Depot  
  22  2:43  SCV  
  23  2:55  SCV  
  24  3:01  Marine x2  
  24  3:03  SCV  
  27  3:07  SCV  
  28  3:15  SCV  
  29  3:30  SCV x2  
  30  3:42  SCV  
  30  3:43  Orbital Command  
  30  3:44  Supply Depot  
  30  3:45  Marine x2  
  33  3:53  Engineering Bay  
  33  3:56  Engineering Bay  
  33  3:57  Factory Reactor  
  33  3:59  Refinery  
  33  4:00  Barracks  
  33  4:08  Barracks x2  
  34  4:10  SCV x2  
  34  4:16  Marine x2  
  37  4:17  Starport  
  37  4:22  Terran Infantry Weapons Level 1  
  37  4:26  SCV x2  
  39  4:37  Marine x2  
  41  4:38  SCV x2  
  43  4:51  Missile Turret  
  43  4:52  Barracks Tech Lab  
  43  4:55  Starport Reactor, Marine  
  43  4:57  Terran Infantry Armor Level 1  
  43  4:59  SCV x2  
  46  5:04  Refinery x2  
  46  5:11  SCV x2  
  46  5:13  Combat Shields  
  48  5:14  Barracks Tech Lab  
  48  5:22  Marine x4  
  48  5:23  Factory Reactor  
  48  5:24  Marine  
  48  5:26  SCV  
  54  5:31  Supply Depot  
  54  5:32  SCV  
  55  5:38  Starport, SCV  
  55  5:40  Marine  
  57  5:45  SCV  
  57  5:49  Marine x2  
  60  5:51  Stimpack, SCV  
  62  5:57  SCV  
  62  6:01  Marine x2  
  62  6:02  Medivac  
  62  6:03  SCV  
  67  6:08  Supply Depot  
  67  6:11  Supply Depot  
  67  6:17  Marine x3  
  67  6:18  Command Center  
  70  6:30  Marine x3  
  73  6:35  Marine  
  73  6:36  Marauder, Marine  
  77  6:48  Armory, Marine x2  
  77  6:49  Marauder, SCV  
  77  6:50  Supply Depot  
  77  6:53  Marine  
  83  6:58  Marauder  
  85  7:07  Concussive Shells  
  85  7:12  Supply Depot x2  
  85  7:15  SCV  
  86  7:20  Supply Depot  
  86  7:34  Medivac x2  
  90  7:42  Barracks, Terran Infantry Weapons Level 2, Terran Infantry Armor Level 2  
  90  7:44  Supply Depot  
  90  7:46  Missile Turret  
  90  7:47  Orbital Command  
  90  7:50  Starport Reactor  
  89  7:54  Marine x3  
  89  7:55  Marauder, Marine x2  
  95  8:09  Missile Turret  
  95  8:12  Marine  
  96  8:13  Marauder  
  96  8:15  Marine  
  96  8:16  Marine x2  
  96  8:19  SCV x3  
  104  8:22  Missile Turret  
  104  8:29  Barracks  
  104  8:31  SCV x3, Missile Turret  
  104  8:33  Marine x3  
  110  8:34  Marine  
  110  8:36  Missile Turret  
  111  8:43  SCV x3, Missile Turret  
  114  8:55  SCV  
  115  9:04  SCV  
  116  9:14  Marine x3  
  116  9:16  Marauder x2, Marine  
  116  9:17  Medivac x3  
  130  9:27  SCV x3  
  130  9:29  Supply Depot  
  133  9:32  Marine  
  133  9:33  Supply Depot  
  133  9:37  Marauder  
  133  9:38  Marauder  
  138  9:41  SCV  
  138  9:42  SCV x2  
  138  9:43  Refinery  
  138  9:45  Refinery  
  141  9:54  Command Center  
  141  10:03  Barracks Reactor x2  
  141  10:07  Marine x3  
  141  10:13  SCV x2  
  146  10:16  Supply Depot  
  146  10:18  Supply Depot  
  146  10:23  Marine  
  146  10:24  Marine x2  
  146  10:25  Marine  
  146  10:39  Marine x2  
  146  10:40  Medivac x2  
  146  10:41  Medivac x2, Marine  
  146  10:42  Marauder x2, Marine  
  158  10:59  Marine x3  
  158  11:00  Marine  
  158  11:01  Marine x4  
  158  11:02  Terran Infantry Weapons Level 3  
  158  11:03  Terran Infantry Armor Level 3, Marine x2  
  166  11:17  Marine  
  167  11:31  Command Center  
  167  11:40  Marine x4  
  167  11:41  Marauder x2, Medivac x3, Marine  
  182  11:52  Missile Turret  
  182  11:53  Missile Turret  
  182  11:54  Orbital Command  
  182  11:55  Missile Turret  
  182  11:57  Missile Turret  
  182  12:02  Marauder x2  
  184  12:37  Medivac x2  
  184  12:38  Medivac  
  184  12:42  Medivac  
  165  13:03  Marine x6  
  165  13:04  Marine x3  
  165  13:05  Marauder  
  174  13:10  Orbital Command  
  174  13:14  SCV x4  
  178  13:20  Marine  
  178  13:22  Marauder  
  178  13:26  Marauder, SCV x4  
  183  13:37  Marine x4  
  183  13:38  Marine, SCV x2  
Tags
 
Add a new tag
Caveats
  • Supply blocks, unpowered buildings, or Contaminate may cause inaccurate times.
  • Supply counts are checked every 10 seconds.